 Dungeon Crawl Stone Soup version 0.21.1-1-g345015fe64 (webtiles) character file.

30 Norrik the Poker (level 3, -1/34 HPs)
             Began as a Minotaur Monk on Mar 22, 2018.
             Slain by Sigmund
             ... wielding a +0 scythe
              (4 damage)
             ... on level 2 of the Dungeon.
             The game lasted 00:02:18 (1015 turns).

Norrik the Poker (Minotaur Monk)                    Turns: 1015, Time: 00:02:19

Health: -1/34      AC: 10    Str: 16    XL:     3   Next: 3%
Magic:  2/2        EV:  5    Int:  7    God:
Gold:   23         SH:  0    Dex: 12    Spells: 2/2 levels left

rFire    . . .     SeeInvis .   a - +0 spear
rCold    . . .     Gourm    .   (no shield)
rNeg     . . .     Faith    .   m - +0 plate armour
rPois    .         Spirit   .   (helmet restricted)
rElec    .         Reflect  .   (no cloak)
rCorr    .         Harm     .   (no gloves)
MR       .....                  (no boots)
Stlth    ..........             (no amulet)
HPRegen  0.11/turn              (no ring)
MPRegen  0.08/turn              (no ring)

@: no status effects
A: retaliatory headbutt, horns 2
a: no special abilities


You were on level 2 of the Dungeon.
You were not hungry.

You visited 1 branch of the dungeon, and saw 2 of its levels.

You collected 23 gold pieces.

Inventory:

Hand Weapons
 a - a +0 spear (weapon)
Missiles
 l - 54 stones (quivered)
Armour
 b - a +0 robe
 m - a +0 plate armour (worn)
Jewellery
 j - an uncursed amulet of faith {unknown}
 p - a cursed ring of loudness {unknown}
Scrolls
 f - a scroll of enchant weapon {unknown}
 g - 2 scrolls of teleportation {unknown}
 i - a scroll of enchant armour {unknown}
 k - a scroll of noise {unknown}
 n - 3 scrolls of magic mapping {unknown}
 q - a scroll of identify {unknown}
 r - a scroll of random uselessness {unknown}
 s - a scroll of amnesia {unknown}
 v - 2 scrolls of remove curse {unknown}
Potions
 d - a potion of degeneration {unknown}
 e - a potion of mutation {unknown}
 h - a potion of brilliance {unknown}
 o - 2 potions of resistance {unknown}
 t - a potion of curing {unknown}
 u - a potion of lignification {unknown}
 w - a potion of ambrosia {unknown}
Comestibles
 c - 3 rations


   Skills:
 + Level 4.4 Fighting
 + Level 4.4 Polearms
 - Level 3.2 Dodging
 - Level 1.5 Stealth


You had 2 spell levels left.
You didn't know any spells.

Dungeon Overview and Level Annotations

Branches:
Dungeon (2/15)

Altars:
Cheibriados

Annotations:
D:2 Sigmund


Innate Abilities, Weirdness & Mutations

You reflexively headbutt those who attack you in melee.
You have a pair of horns on your head.


Message History

You hit Sigmund but do no damage.
Sigmund is moderately wounded.
Sigmund casts a spell at you. The magic dart hits you!
You closely miss Sigmund.
Sigmund is moderately wounded.
Sigmund hits you with a scythe!
You closely miss Sigmund. Your headbutt misses Sigmund.
Sigmund is moderately wounded.
A rat comes into view.
You closely miss Sigmund.
Sigmund is moderately wounded.
Sigmund points at you and mumbles some strange words.
The puff of flame hits you!
* * * LOW HITPOINT WARNING * * *
You hit Sigmund but do no damage.
Sigmund is moderately wounded.
Sigmund says, "Don't worry, I'll kill you fast."
Sigmund hits you with a scythe.
You die...

###.....#.#.### ###
#........###..# #..
#.#.###.#.#.#.# #.#
#.#. #.##.##.# #.#
# #. #.##.##.# #.#
#. #.##.##.# #.# #
#.##.##.# #.# ##...
#.##.##.###.##@)..#
#.........@#...#
####.##.###@####
#.##.#.......#
#.....###.# ###.#.#
#.#.. #.#r# # #.#
#.#


You could see Sigmund and a rat.

Vanquished Creatures
  A dart slug (D:2)
  3 leopard geckos (D:1)
  4 goblins (D:1)
  2 hobgoblins (D:1)
  A ball python (D:1)
  3 frilled lizards
  7 kobolds
  3 rats
24 creatures vanquished.

Notes
Turn   | Place    | Note
-------+----------+-------------------------------------------
     0 | D:1      | Norrik the Minotaur Monk began the quest for the Orb.
     0 | D:1      | Reached XP level 1. HP: 19/19 MP: 0/0
   195 | D:1      | Reached XP level 2. HP: 18/27 MP: 1/1
   925 | D:2      | Found a snail-covered altar of Cheibriados.
   963 | D:2      | Reached XP level 3. HP: 32/34 MP: 2/2
   993 | D:2      | Noticed Sigmund
  1015 | D:2      | Slain by Sigmund

Skill      XL: |  1 |
---------------+----+-----
Fighting       | 4 |  4.4
Polearms       | 4 |  4.4
Dodging        | |  3.2
Stealth        | |  1.5

Action                   || total
-------------------------++-------
Melee: Spear             ||    80
       Headbutt          ||     9
Armor: Robe              ||     3
       Plate armour      ||    26
Dodge: Dodged            ||    22
